Map: Neon Violet Square LE

Players

CinDra - Winner!

  • Race: Zerg Zerg
  • League: Bronze
  • Spawn Location: 5:00

MadMarine

  • Race: Terran Terran
  • League: Silver
  • Spawn Location: 11:00

VOD

Have the link to the VOD?

Description

Time

  • Played on: Feb. 9, 2018, 4:08 p.m.
  • Length: 21:38
Show
View Real Time Build Order
Export as new Build Order

CinDra Zerg - Winner!

Build Orders: Pool First 

Get SALT Encoding   

  12  0:01  Drone  
  13  0:13  Overlord  
  13  0:18  Drone  
  14  0:32  Drone x2  
  16  0:39  Drone  
  17  0:58  Drone x2  
  17  1:02  Spawning Pool  
  18  1:09  Drone  
  19  1:22  Drone  
  20  1:30  Drone  
  21  1:39  Overlord  
  21  1:52  Zergling x2  
  22  1:57  Queen  
  24  2:04  Overlord  
  24  2:15  Zergling x2  
  24  2:25  Zergling x2  
  25  2:41  Zergling x2  
  25  3:03  Zergling x4  
  25  3:05  Drone  
  28  3:13  Roach Warren  
  28  3:18  Zergling x2  
  28  3:19  Zergling x4  
  30  3:26  Extractor  
  29  3:27  Overlord  
  29  3:46  Zergling x8  
  33  3:58  Zergling x2  
  34  4:23  Roach  
  34  4:24  Roach  
  42  4:38  Roach x2  
  42  4:46  Extractor  
  33  5:10  Zergling x2  
  33  5:11  Zergling x8  
  38  5:22  Zergling x2  
  39  5:43  Overlord  
  39  5:44  Overlord  
  39  5:50  Hatchery  
  38  6:06  Hatchery  
  38  6:08  Lair  
  38  6:10  Drone x3  
  40  6:11  Metabolic Boost  
  40  6:25  Drone  
  41  6:32  Drone  
  36  7:18  Queen  
  36  7:20  Queen  
  36  7:22  Drone x5  
  45  7:23  Glial Reconstitution, Drone  
  45  7:27  Spire  
  45  7:34  Evolution Chamber  
  45  7:35  Evolution Chamber  
  43  7:39  Roach  
  43  7:40  Roach x4  
  43  7:41  Overlord  
  53  7:45  Drone  
  54  7:54  Drone x2  
  56  8:07  Drone  
  56  8:08  Drone x3  
  56  8:11  Zerg Missile Weapons Level 1  
  56  8:12  Zerg Ground Armor Level 1  
  60  8:25  Extractor  
  60  8:27  Drone x7  
  60  8:29  Extractor  
  65  8:35  Drone  
  65  8:36  Drone x6  
  65  8:40  Mutalisk  
  74  8:48  Overlord x3  
  74  8:49  Overlord x2  
  74  9:01  Overlord  
  74  9:02  Overlord x3  
  74  9:13  Overlord x3  
  74  9:14  Mutalisk x2  
  78  9:55  Drone x5  
  78  9:56  Drone x4  
  87  10:02  Pneumatized Carapace  
  87  10:32  Mutalisk x3, Roach x2  
  97  10:38  Extractor  
  97  10:42  Extractor  
  95  10:46  Mutalisk  
  95  10:47  Mutalisk  
  99  10:54  Zerg Flyer Weapons Level 1  
  99  11:30  Roach x4  
  99  11:31  Roach x12, Overlord x2  
  99  11:32  Overlord  
  131  11:58  Mutalisk  
  131  11:59  Mutalisk x2  
  137  12:02  Zergling x8  
  141  12:09  Queen  
  141  12:10  Hatchery  
  138  12:43  Mutalisk  
  136  12:44  Mutalisk x4  
  146  12:57  Mutalisk  
  148  13:00  Roach x3  
  154  13:07  Baneling Nest  
  153  13:22  Drone x3  
  153  13:23  Drone x2  
  153  13:24  Drone  
  159  13:45  Mutalisk  
  159  13:46  Roach x2  
  159  13:47  Roach x5  
  175  13:57  Infestation Pit, Zerg Missile Weapons Level 2  
  175  13:59  Zerg Ground Armor Level 2  
  174  14:07  Zerg Flyer Armor Level 1  
  170  14:59  Drone  
  173  15:00  Roach x10  
  173  15:02  Overlord  
  191  15:41  Extractor x2  
  191  15:42  Hatchery  
  188  16:01  Mutalisk x3  
  188  16:02  Mutalisk x3  
  200  16:06  Zerg Flyer Weapons Level 2  
  200  16:18  Overseer  
  200  16:20  Overseer  
  200  16:21  Overseer x2  
  200  17:07  Zerg Melee Weapons Level 1  
  200  17:09  Hive  
  200  17:10  Centrifical Hooks  
  200  17:15  Baneling x7  
  200  17:16  Baneling x9  
  196  17:45  Mutalisk x2  
  200  18:03  Mutalisk  
  200  18:22  Zerg Flyer Armor Level 2  
  189  19:27  Queen  
  191  19:42  Roach x2  
  191  19:43  Roach, Overlord x3  
  197  19:52  Zergling x2  
  198  20:28  Roach x2  
  183  20:29  Roach x7  
  193  20:41  Roach x3  
  137  21:04  Mutalisk x5  
  137  21:05  Mutalisk x17  
  137  21:06  Mutalisk x4  
Show
View Real Time Build Order
Export as new Build Order

MadMarine Terran 

Build Orders:  

Get SALT Encoding   

  12  0:06  SCV  
  13  0:19  SCV  
  14  0:27  Supply Depot  
  14  0:31  SCV  
  15  0:49  SCV  
  16  0:52  Barracks  
  16  1:01  Barracks, SCV  
  17  1:07  Refinery  
  17  1:22  SCV  
  18  1:34  SCV  
  19  1:42  Marine  
  19  1:46  Bunker, SCV  
  21  1:52  Supply Depot  
  21  1:53  Marine  
  22  1:59  SCV  
  23  2:13  SCV, Marine  
  25  2:26  SCV  
  25  2:29  Barracks  
  26  2:31  Marine  
  28  2:47  Orbital Command  
  28  2:49  Marine  
  28  2:51  Refinery, Marine  
  29  3:07  Marine  
  29  3:09  Marine  
  31  3:21  Barracks Tech Lab  
  31  3:46  Bunker  
  31  3:57  Command Center  
  31  4:07  Supply Depot  
  31  4:21  Supply Depot  
  31  4:28  Factory, SCV, Marine x2  
  31  4:29  Marauder  
  36  4:40  SCV  
  37  4:46  Marine x2  
  37  4:50  Marauder  
  42  4:52  SCV  
  42  5:04  Marine x2  
  42  5:05  SCV  
  37  5:21  Marine  
  34  5:39  Marine  
  34  5:40  Marine  
  36  5:45  Factory  
  36  5:50  Starport  
  36  5:58  Marine  
  37  6:11  Marine  
  37  6:13  Factory Reactor  
  37  6:15  Marine  
  39  6:27  SCV  
  39  6:28  Engineering Bay  
  39  6:29  Marine  
  41  6:33  Marine  
  41  6:36  Hellion  
  41  6:39  SCV  
  45  6:42  Marine  
  46  6:47  Marine  
  46  6:51  SCV, Marine  
  49  7:00  Liberator, Marine  
  52  7:04  SCV  
  46  7:09  Marine  
  43  7:15  Factory Tech Lab  
  43  7:16  SCV  
  43  7:17  Marine  
  48  7:27  Barracks, Marine  
  48  7:28  SCV  
  50  7:35  Marine  
  50  7:36  Siege Tank  
  54  7:40  SCV  
  54  7:43  Liberator  
  55  7:45  Marine  
  55  7:48  Planetary Fortress  
  56  7:52  SCV  
  58  8:02  Barracks Tech Lab, Marine  
  58  8:04  SCV  
  62  8:25  Barracks Tech Lab  
  62  8:32  Supply Depot  
  62  8:36  Liberator  
  62  8:53  Marine  
  62  8:55  Supply Depot  
  63  9:11  Marine  
  64  9:19  Siege Tank  
  64  9:20  Supply Depot  
  67  9:29  SCV, Marine  
  67  9:30  Command Center  
  69  9:41  SCV  
  69  9:44  Supply Depot  
  70  9:46  Marine  
  70  9:51  Siege Tank  
  74  9:53  SCV  
  72  10:03  Missile Turret x2  
  72  10:05  SCV x2, Missile Turret  
  74  10:07  Supply Depot  
  74  10:11  Starport Reactor  
  74  10:14  Stimpack  
  74  10:16  Marine  
  74  10:17  SCV x2  
  77  10:29  SCV x2  
  77  10:30  Marine  
  77  10:32  Supply Depot  
  77  10:34  Marine  
  81  10:41  SCV x2  
  83  10:45  Missile Turret  
  83  10:48  Marine, Terran Infantry Weapons Level 1, Missile Turret  
  83  10:49  Missile Turret  
  84  10:51  Marine  
  84  10:53  SCV  
  86  10:59  Viking  
  88  11:06  Marine  
  88  11:09  Engineering Bay, Marine  
  90  11:17  SCV  
  91  11:24  Marine  
  92  11:27  Marine  
  92  11:29  SCV  
  94  11:37  Viking x2  
  98  11:42  SCV, Marine  
  98  11:45  Marine  
  101  11:48  Missile Turret  
  101  11:54  SCV  
  102  11:58  Orbital Command  
  102  12:03  Marine  
  102  12:06  SCV  
  104  12:11  Medivac x2  
  104  12:14  Combat Shields  
  108  12:18  SCV  
  108  12:20  Marine  
  110  12:29  SCV  
  111  12:31  SCV  
  112  12:38  Marine  
  112  12:41  SCV  
  112  12:43  SCV  
  115  12:53  SCV  
  115  12:55  SCV  
  115  12:56  Marine  
  118  13:05  SCV  
  119  13:07  SCV  
  119  13:08  Refinery  
  120  13:14  Marine  
  120  13:16  Terran Infantry Armor Level 1  
  120  13:17  Armory, SCV  
  120  13:19  SCV  
  123  13:30  SCV  
  123  13:31  SCV  
  123  13:32  Refinery  
  125  13:46  Refinery  
  125  13:53  Supply Depot  
  125  13:54  Supply Depot  
  125  13:57  Supply Depot  
  125  13:58  Supply Depot  
  125  14:15  Barracks Reactor, SCV x2  
  127  14:18  Supply Depot  
  127  14:21  Thor  
  127  14:23  Barracks  
  133  14:27  SCV x2  
  119  14:39  SCV x2  
  120  14:51  SCV  
  121  15:08  Missile Turret  
  121  15:09  SCV  
  122  15:21  SCV  
  123  15:26  Missile Turret  
  123  15:27  Missile Turret x2  
  123  15:28  Missile Turret  
  123  15:29  SCV  
  123  15:30  Missile Turret  
  123  15:33  SCV  
  123  15:35  Missile Turret  
  125  15:38  Terran Infantry Weapons Level 2  
  125  15:40  Terran Infantry Armor Level 2  
  125  15:41  SCV  
  126  15:45  SCV, Marine  
  126  15:46  Marine  
  126  15:48  Missile Turret  
  129  15:53  SCV  
  130  16:03  Marine x2  
  132  16:04  Medivac  
  132  16:05  Medivac, SCV  
  132  16:10  Missile Turret  
  137  16:17  SCV  
  138  16:20  Refinery  
  138  16:21  Marine x2  
  140  16:29  Missile Turret  
  140  16:32  Marine  
  141  16:34  Medivac  
  143  16:46  Command Center  
  143  16:49  Marine x2  
  143  16:50  Missile Turret, Marine  
  146  16:58  Concussive Shells  
  146  17:00  Marauder  
  148  17:07  Marine x3  
  151  17:14  Missile Turret  
  151  17:22  Marauder  
  153  17:24  Thor  
  153  17:25  Marine x3  
  162  17:42  Marine  
  162  17:43  Marauder  
  165  17:51  Marine x2  
  162  18:00  Marine  
  162  18:04  Marauder  
  165  18:08  Marine  
  165  18:09  Marine  
  165  18:18  Marine  
  166  18:26  Marauder, Marine  
  167  18:44  Marine  
  119  19:16  Siege Tank  
  115  19:19  Marine  
  109  19:36  Marauder  
  109  19:37  Marine  
  109  19:38  Marine x2  
  110  19:48  Siege Tank  
  110  19:49  Barracks x2  
  113  19:52  Barracks  
  113  19:54  Barracks, Marine  
  113  19:56  Marine x2  
  113  19:57  Marauder  
  118  20:01  Orbital Command  
  118  20:05  SCV  
  118  20:12  Marine  
  118  20:13  Marine  
  118  20:14  Marine  
  118  20:17  SCV  
  118  20:19  Marauder  
  118  20:21  Siege Tank  
  115  20:29  SCV  
  115  20:30  Marine  
  115  20:31  Marine  
  115  20:33  Marine  
  105  20:40  Marauder  
  105  20:41  SCV  
  106  20:48  Marine  
  106  20:49  Marine  
  94  20:51  Marine  
  94  20:53  SCV  
  71  21:01  Marauder  
  67  21:06  Marine  
  67  21:07  Marine  
Tags
 
Add a new tag
Caveats
  • Supply blocks, unpowered buildings, or Contaminate may cause inaccurate times.
  • Supply counts are checked every 10 seconds.